 Dungeon Crawl Stone Soup version 0.28.0-43-g3370ac3207 (webtiles) character file.

Game seed: 8727659427558778436

1795 nickcage the Basher (level 9, -5/52 HPs)
             Began as a Gargoyle Fighter on Mar 21, 2022.
             Was a Follower of Makhleb.
             Slain by a wyvern skeleton (7 damage)
             ... on level 7 of the Dungeon.
             The game lasted 00:15:12 (7601 turns).

nickcage the Basher (Gargoyle Fighter)              Turns: 7601, Time: 00:15:13

Health: -5/52      AC: 14    Str: 24    XL:     9   Next: 9%
Magic:  9/9        EV:  9    Int:  9    God:    Makhleb [*.....]
Gold:   442        SH:  7    Dex: 15    Spells: 8/8 levels left

rFire   . . .      SeeInvis .   a - +0 flail
rCold   . . .      Faith    .   i - +2 buckler
rNeg    + . .      Spirit   .   b - +0 scale mail
rPois   ∞          Reflect  .   (no helmet)
rElec   +          Harm     .   (no cloak)
rCorr   .          Rampage  .   (no gloves)
Will    +....                   p - +0 pair of boots
Stlth   ..........              (no amulet)
HPRegen 0.17/turn               A - +6 ring of dexterity
MPRegen 0.11/turn               B - ring of willpower

@: no status effects
A: sickness immunity, AC +6, negative energy resistance 1, electricity
resistance, torment resistance 1, petrification resistance
a: Renounce Religion


You were on level 7 of the Dungeon.
You worshipped Makhleb.
Makhleb was aware of your devotion.
You visited 1 branch of the dungeon, and saw 7 of its levels.
You also visited: Sewer.

You collected 442 gold pieces.

Inventory:

Hand Weapons
 a - a +0 flail (weapon)
Missiles
 q - 8 poisoned darts (quivered)
Armour
 b - a +0 scale mail (worn)
 c - a +0 buckler
 i - a +2 buckler (worn)
 p - a +0 pair of boots (worn)
Jewellery
 h - a ring of fire
 A - a +6 ring of dexterity (left hand)
 B - a ring of willpower (right hand)
Wands
 v - a wand of iceblast (9)
 y - a wand of flame (39)
Scrolls
 e - 5 scrolls of identify
 k - 3 scrolls of noise {unknown}
 m - 2 scrolls of immolation {unknown}
 o - a scroll of blinking {unknown}
 s - a scroll of enchant weapon {unknown}
 t - a scroll of teleportation {unknown}
 w - a scroll of holy word {unknown}
Potions
 d - a potion of might
 f - a potion of attraction {unknown}
 g - 4 potions of heal wounds {unknown}
 j - 2 potions of mutation {unknown}
 l - 2 potions of lignification {unknown}
 n - 3 potions of curing
 r - 3 potions of haste {unknown}
 u - 2 potions of cancellation {unknown}
 x - 2 potions of degeneration {unknown}
 z - a potion of berserk rage {unknown}
 C - a potion of flight {unknown}


   Skills:
 - Level 4.0 Fighting
 * Level 11.4 Maces & Flails
 - Level 3.2 Armour
 - Level 3.2 Shields


You had 8 spell levels left.
You didn't know any spells.
Your spell library contained the following spells:

 Spells                   Type           Power      Damage    Failure   Level
 Ensorcelled Hibernation  Hex/Ice        0%         N/A       89%         2
 Passwall                 Tmut/Erth      0%         N/A       89%         2
 Stone Arrow              Conj/Erth      0%         3d7       98%         3
 Swiftness                Air            0%         N/A       98%         3
 Fire Storm               Conj/Fire      0%         5d1       100%        9


Dungeon Overview and Level Annotations

Branches:
Dungeon (7/15)             Temple (0/1) D:5           Sewer (visited)

Altars:
Dithmenos
Kikubaaqudgha
Makhleb
Sif Muna
The Shining One


Innate Abilities, Weirdness & Mutations

You are immune to sickness and miasma.
Your stone body is resilient. (AC +6)
You are immune to poison.
You resist negative energy. (rN+)
You are resistant to electric shocks. (rElec)
You are resistant to unholy torment.
You are immune to petrification.


Message History

You are engulfed in a cloud of scalding steam.
You block the steam dragon's attack. x2
A wyvern skeleton comes into view.
The steam dragon bites you.
The steam dragon claws you but does no damage.
You hit the steam dragon but do no damage.
The steam dragon is severely wounded.
The steam dragon bites you but does no damage.
The steam dragon claws you but does no damage.
You hit the steam dragon but do no damage.
The steam dragon is severely wounded.
You block the steam dragon's attack. The steam dragon barely misses you.
You sock the steam dragon!
The steam dragon is almost dead.
You hit the steam dragon but do no damage.
The steam dragon is almost dead.
The steam dragon bites you but does no damage.
The steam dragon claws you.
* * * LOW HITPOINT WARNING * * *
The wyvern skeleton bites you!
* * * LOW HITPOINT WARNING * * *
You feel better. The wyvern skeleton bites you!
* * * LOW HITPOINT WARNING * * *
The steam dragon bites you but does no damage.
The steam dragon claws you but does no damage.
You hit the steam dragon.
You kill the steam dragon!
Makhleb accepts your kill. The wyvern skeleton barely misses you.
A two-headed ogre comes into view.
It is wielding a +0 giant club and a +0 giant spiked club.
The wyvern skeleton bites you but does no damage.
The wyvern skeleton bites you but does no damage.
You see here 27 arrows.
The wyvern skeleton bites you.
* * * LOW HITPOINT WARNING * * *
Found 3 gold pieces.
The wyvern skeleton completely misses you.
There is a stone staircase leading up here.
The wyvern skeleton bites you!
You die...

....................#
.........#...#.#..###
.......#.## #.(#..##
....#....###.##...#
........)###..##.#.#
.....#.......###.#.#
.....##....####....#
...............Z...#
.......O...###.@...#
.....#.#....##.###.#
..####.##.#.##.. .# .
#. #.....### .. ..
......# ...
..###....# .$# ....#
.. #...


You could see a wyvern skeleton.

Vanquished Creatures
  A wraith (D:5)
  A steam dragon (D:7)
  A water moccasin (Sewer)
  A sky beast (D:5)
  A necrophage (D:5)
  2 ogres
  A black bear (D:7)
  An ice beast (D:6)
  A centaur (D:7)
  A phantom (D:5)
  A bullfrog (D:7)
  A scorpion (D:5)
  A wyvern zombie (D:6)
  A bullfrog skeleton (D:5)
  A jelly (D:6)
  A gnoll shaman (D:5)
  An orc priest (D:5)
  2 hounds
  A centaur skeleton (D:6)
  An orc wizard (D:5)
  3 iguanas
  2 hound skeletons
  6 gnolls
  A river rat (D:5)
  4 adders
  A white imp (D:4)
  2 worms (D:3)
  A dart slug (D:1)
  10 orcs
  8 endoplasms
  6 giant cockroaches
  6 hobgoblins
  A jackal (Sewer)
  5 quokkas
  7 ball pythons
  9 bats
  3 frilled lizards
  9 goblins
  9 kobolds
  10 rats
125 creatures vanquished.

Vanquished Creatures (others)
  An orc (D:5)
  2 plants (D:6)
3 creatures vanquished.

Grand Total: 128 creatures vanquished

Notes
Turn   | Place    | Note
-------+----------+-------------------------------------------
     0 | D:1      | nickcage the Gargoyle Fighter began the quest for the Orb.
     0 | D:1      | Reached XP level 1. HP: 14/14 MP: 1/1
   201 | D:1      | Found a faded altar of an unknown god.
   244 | D:1      | Reached XP level 2. HP: 19/19 MP: 2/2
   705 | D:1      | Reached XP level 3. HP: 12/24 MP: 3/3
  1071 | D:1      | Reached skill level 3 in Maces & Flails
  1471 | D:2      | Identified the +1 robe "Nurghun" {Fly MP+9 Dex-5 Archmagi}
  1775 | D:2      | Reached XP level 4. HP: 27/29 MP: 4/4
  2328 | D:3      | Reached skill level 4 in Maces & Flails
  2995 | D:4      | Reached XP level 5. HP: 33/33 MP: 5/5
  3721 | D:4      | Reached skill level 5 in Maces & Flails
  3739 | D:4      | Found a burning altar of Makhleb.
  3911 | D:4      | Became a worshipper of Makhleb the Destroyer
  4007 | D:4      | Found a glowing golden altar of the Shining One.
  4114 | D:5      | Entered Level 5 of the Dungeon
  4319 | D:5      | Reached XP level 6. HP: 23/38 MP: 6/6
  4351 | D:4      | Reached skill level 6 in Maces & Flails
  4486 | D:5      | Found an ancient bone altar of Kikubaaqudgha.
  4553 | D:5      | Found a glowing drain.
  4559 | Sewer    | Entered a sewer
  4611 | Sewer    | Noticed a water moccasin
  4620 | Sewer    | Killed a water moccasin
  4843 | D:5      | Reached skill level 7 in Maces & Flails
  4843 | D:5      | Reached XP level 7. HP: 43/43 MP: 7/7
  4857 | D:5      | Noticed a wraith
  5035 | D:5      | Found a staircase to the Ecumenical Temple.
  5048 | D:5      | Got the Reference Book on Fire and Conjuration
  5344 | D:5      | Killed a wraith
  5344 | D:5      | Reached * piety under Makhleb
  5345 | D:5      | Reached skill level 8 in Maces & Flails
  5831 | D:5      | Reached XP level 8. HP: 30/48 MP: 8/8
  6142 | D:5      | Reached skill level 9 in Maces & Flails
  6371 | D:6      | Found a shadowy altar of Dithmenos.
  6589 | D:6      | Reached skill level 10 in Maces & Flails
  7298 | D:6      | Found a shimmering blue altar of Sif Muna.
  7523 | D:7      | Reached skill level 11 in Maces & Flails
  7523 | D:7      | Reached XP level 9. HP: 34/52 MP: 9/9
  7585 | D:7      | HP: 2/52 [wyvern skeleton (11)]
  7586 | D:7      | Noticed a two-headed ogre
  7594 | D:7      | HP: 1/52 [wyvern skeleton (3)]
  7601 | D:7      | Slain by a wyvern skeleton

Illustrated notes

Levels and vault maps discovered:
D:1:      dpeg_arrival_rooms_with_view, layout_loops_corners,
          shapermc_ecumenical_altar_mp_urbaneastern
D:2:      layout_basic
D:3:      layout_basic
D:4:      layout_layer_cave, amcnicky_altar_gilded, general_overflow_altar
D:5:      layout_rooms, kiku_gazebo_pond_becter, minmay_temple_entry_offerings,
          gup_sewer_entry_bubbles, kennysheep_potato
D:6:      layout_loops_ring, mainiacjoe_overflow_brackets,
          mainiacjoe_overflow_chevrons
D:7:      layout_rooms, mainiacjoe_overflow_alcove_2, xom_confusion_cloud,
          serial_shops, nicolae_diamond_shop

Skill      XL: |  1  2  3  4  5  6  7  8 |
---------------+-------------------------+-----
Fighting       | 4 |  4.0
Maces & Flails | 3 4 5 7 8 11 | 11.4
Armour         | |  3.2
Shields        | |  3.2

Action                   |  1- 3 |  4- 6 |  7- 9 || total
-------------------------+-------+-------+-------++-------
Melee: Flail             |   118 |   170 |   206 ||   494
Throw: Stone             |     9 |     3 |       ||    12
       Dart              |       |    16 |     7 ||    23
  Use: Scroll            |     2 |     1 |       ||     3
       Potion            |       |     1 |     2 ||     3
Armor: Scale mail        |    57 |    79 |    95 ||   231
Dodge: Dodged            |    60 |    63 |    64 ||   187
Block: Buckler           |    34 |    56 |    44 ||   134
